 Dungeon Crawl Stone Soup version 0.21-a0-584-g185da8e (webtiles) character file.

46102 solxrula the Bludgeoner (level 14, -7/141 HPs)
             Began as a Troll Berserker on Dec 20, 2017.
             Was a High Priest of Trog.
             Mangled by a two-headed ogre
             ... wielding a +0 giant club
              (16 damage)
             ... on level 12 of the Dungeon on Dec 21, 2017.
             The game lasted 02:31:18 (19143 turns).

solxrula the Bludgeoner (Troll Berserker)          Turns: 19143, Time: 02:31:19

Health: -7/141     AC: 11    Str: 39    XL:     14   Next: 3%
Magic:  0/15       EV: 14    Int:  4    God:    Trog [*****.]
Gold:   1459       SH:  0    Dex: 10    Spells: 13/13 levels left

rFire    . . .     SeeInvis .   a - +5 morningstar
rCold    . . .     Gourm    +   (no shield)
rNeg     . . .     Faith    .   v - +2 robe {MR+}
rPois    +         Spirit   +   f - +2 hat
rElec    .         Reflect  .   t - scarf {Spirit}
rCorr    .         Harm     .   (gloves unavailable)
MR       ++...     Rnd*Rage +   (boots unavailable)
Stlth    ++........             (no amulet)
HPRegen  0.73/turn              G - ring of Fonwiah {Ice Str+5}
MPRegen  0.14/turn              o - ring of Kuodun {Fire +Blink rPois Str+4 Slay+4}

@: berserk cooldown, slowed, very slow
A: large, unfitting armour, claws 3, repulsion field 1, molten scales 1, berserk
1, fast metabolism 3, gourmand, regeneration 1, shaggy fur 1, tough skin 2
a: Berserk, Trog's Hand, Brothers in Arms, Burn Spellbooks, Renounce Religion,
Evoke Blink


You were on level 12 of the Dungeon.
You worshipped Trog.
Trog was extremely pleased with you.
You were not hungry.

You visited 2 branches of the dungeon, and saw 19 of its levels.
You also visited: Labyrinth.

You collected 1459 gold pieces.

Inventory:

Hand Weapons
 a - a +5 morningstar (weapon)
 b - the +3 sling "Punk" {acid, rCorr}
   (You found it on level 6 of the Lair of Beasts)

   It protects you from acid and corrosion.
 x - a +8 hunting sling of flaming
 C - a +2 dire flail of holy wrath
 Q - the cursed +0 war axe "Q" {chop, rF+ rN++ MR-}
   (You found it on level 5 of the Lair of Beasts)

   It inflicts extra damage upon your enemies.
   It protects you from fire.
   It greatly protects you from negative energy.
   It affects your resistance to hostile enchantments.
   It has a curse placed upon it.
 Y - a +3 great mace
Missiles
 c - 568 stones
 d - 8 large rocks (quivered)
 i - a poisoned javelin
 H - a javelin of penetration
 W - 14 sling bullets
 Z - 2 tomahawks of returning
Armour
 f - a +2 hat (worn)
 t - a scarf of spirit shield (worn)
 v - a +2 robe of magic resistance (worn)
 B - a +2 robe of fire resistance
Jewellery
 n - an uncursed ring of poison resistance
 o - the ring of Kuodun (right claw) {Fire +Blink rPois Str+4 Slay+4}
   (You found it on level 4 of the Dungeon)

   [ring of fire]

   It enhances your fire magic.
   It affects your strength (+4).
   It affects your accuracy and damage with ranged weapons and melee attacks
   (+4).
   It protects you from fire.
   It makes you vulnerable to cold.
   It protects you from poison.
   It lets you blink.
 q - an uncursed ring of ice
 F - an uncursed ring of wizardry
 G - the ring of Fonwiah (left claw) {Ice Str+5}
   (You found it on level 1 of the Lair of Beasts)

   [ring of ice]

   It enhances your ice magic.
   It affects your strength (+5).
   It makes you vulnerable to fire.
   It protects you from cold.
 M - an uncursed ring of stealth
 P - an uncursed ring of protection from cold
 T - an uncursed ring of stealth
 X - an uncursed ring of protection from cold
Wands
 g - a wand of digging (44)
 k - a wand of flame (34)
 p - a wand of disintegration (36)
 s - a wand of random effects (44)
 u - a wand of paralysis (8)
 z - a wand of iceblast (3)
 I - a wand of scattershot (5)
 J - a wand of enslavement (12)
 L - a wand of acid (5)
Scrolls
 h - 3 scrolls of magic mapping
 j - 4 scrolls of remove curse
 r - 2 scrolls of blinking
 y - a scroll of identify
 E - 5 scrolls of enchant armour
 N - a scroll of summoning {unknown}
Potions
 e - 3 potions of brilliance
 l - 3 potions of lignification
 m - 7 potions of curing
 A - 2 potions of might
 K - a potion of haste
 O - a potion of cancellation {unknown}
 S - a potion of berserk rage
 U - a potion of flight
 V - a potion of resistance
Books
 w - a book of Misfortune

   Spells                             Type                      Level
   a - Confusing Touch                Hexes                        1
   b - Confuse                        Hexes                        3
   c - Gell's Gravitas                Translocation                3
   d - Petrify                        Transmutation/Earth          4
   e - Metabolic Englaciation         Hexes/Ice                    5
   f - Yara's Violent Unravelling     Hexes/Transmutation          5
   Trog disapproves of the use of such an item.
 R - a book of Power

   Spells                             Type                      Level
   a - Iskenderun's Battlesphere      Conjuration/Charms           5
   b - Venom Bolt                     Conjuration/Poison           5
   c - Bolt of Magma                  Conjuration/Fire/Earth       5
   d - Iron Shot                      Conjuration/Earth            6
   e - Orb of Destruction             Conjuration                  7
   f - Spellforged Servitor           Conjuration/Summoning        7
   Trog disapproves of the use of such an item.
Comestibles
 D - 25 rations


   Skills:
 + Level 9.7 Fighting
 - Level 16.0 Maces & Flails
 - Level 4.1(5.4) Slings
 - Level 6.8(7.8) Throwing
 - Level 5.6 Dodging
 - Level 1.5 Stealth
 * Level 3.6 Evocations


You had 13 spell levels left.
You didn't know any spells.

Dungeon Overview and Level Annotations

Branches:
Dungeon (13/15)            Temple (0/1) D:5            Lair (6/6) D:9
  Swamp (0/4) Lair:2       Spider (0/4) Lair:2        Slime (0/5) Lair:6
    Orc (0/2) D:12         Vaults (0/5) D:13

Altars:
Ashenzari
Dithmenos
Kikubaaqudgha
Sif Muna
Trog
Vehumet
The Shining One

Shops:
D:5 %!   D:11 !

Annotations:
D:7 1 runed door


Innate Abilities, Weirdness & Mutations

You are too large for most types of armour.
You have claws for hands.
Your metabolism is lightning-fast.
You like to eat raw meat.
Your natural rate of healing is unusually fast.
You are covered in fur. (AC +1)
You have very tough skin. (AC +2)
You are surrounded by a mild repulsion field. (EV +2)
You are partially covered in molten scales. (AC +2)
You tend to lose your temper in combat.


Message History

* * * LOW HITPOINT WARNING * * *
The two-headed ogre completely misses you.
The shadow strikes at you from the darkness!
Reactivating autopickup.
The two-headed ogre hits you with a giant club!!
* * * LOW HITPOINT WARNING * * *
The two-headed ogre barely misses you.
You climb upwards.
Your skin stops crawling.
You feel less resistant to hostile enchantments.
There is a stone staircase leading down here.
You fail to use your ability.
The two-headed ogre misses you.
The two-headed ogre hits you with a giant club!
* * * LOW HITPOINT WARNING * * *
You impale the two-headed ogre!!
The two-headed ogre is heavily wounded.
The two-headed ogre hits you with a giant club.
* * * LOW HITPOINT WARNING * * *
The two-headed ogre hits you with a giant club!
You die...

.# #########...........
.#############...............###.
...............#######.......# ##
.############### #.......# # ##
##.###### #[# #.## ###########
#<.# ######........@# #####.###
###....'.......O.# #.......#
##..####.........# #.......######
#).## #.........###.............
..## #.........#.........######
### #.........'.#.......# #
#.##############.#### #.## ###.#
###(# #..###.#.### #.#.###


You could see a two-headed ogre.

Vanquished Creatures
  Gastronok (D:8)
  Kirke (Lair:5)
  2 dire elephants (Lair:6)
  A minotaur (Lab)
  Harold (Lair:3)
  The ghost of Thndr the Fighter, a novice TrMo of Wu Jian (Lair:2)
  4 hydras
  A vault guard (D:13)
  A centaur warrior (D:12)
  An ogre mage (D:13)
  An anaconda (Lair:6)
  7 two-headed ogres
  An unseen horror (D:10)
  Pikel (D:7)
  The ghost of kermit the Skirmisher, a novice BaMo (D:8)
  An ugly thing (D:13)
  2 cyclopes
  4 black mambas (Lair:6)
  A torpor snail (Lair:3)
  9 spiny frogs
  5 komodo dragons
  2 rime drakes
  2 polar bears
  13 slime creatures
  3 blink frogs (Lair:3)
  3 hippogriffs
  The ghost of Skryme the Sneak, an amateur OpAs (D:4)
  A shadow (D:12)
  18 yaks
  A basilisk (Lair:4)
  Grum (D:9)
  2 hungry ghosts
  4 wyverns
  2 hogs (Lair:4)
  Duvessa (D:7)
  4 swamp worms (Lair:2)
  12 water moccasins
  7 porcupines
  3 orc warriors
  3 black bears
  4 ice beasts
  9 sky beasts
  8 ogres
  4 phantoms
  12 wolves
  2 necrophages
  7 crocodiles
  8 centaurs
  3 big kobolds (D:9)
  A wyvern zombie (D:11)
  18 bullfrogs
  A gnoll sergeant (D:8)
  Dowan (D:7)
  11 killer bees
  5 jellies
  12 wights
  An electric eel (Lair:2)
  5 crimson imps
  2 bullfrog zombies
  A quasit (D:7)
  A hound (D:12)
  23 orc wizards
  3 bullfrog skeletons
  5 centaur skeletons
  10 orc priests
  4 iguanas
  4 worker ants
  A howler monkey zombie (D:7)
  A worker ant zombie (D:7)
  8 gnolls
  A howler monkey skeleton (D:4)
  16 adders
  2 shadow imps
  5 oozes (D:11)
  2 worms
  2 dart slugs (D:1)
  3 leopard geckos
  59 orcs
  4 ball pythons
  3 giant cockroaches
  8 goblins
  9 hobgoblins
  23 jackals
  22 kobolds
  A quokka (D:4)
  5 bats
  2 frilled lizards
  A leopard gecko skeleton (D:7)
  10 rats
  2 plants (Lair:6)
485 creatures vanquished.

Vanquished Creatures (collateral kills)
  A two-headed ogre (D:12)
1 creature vanquished.

Vanquished Creatures (others)
  A human (Lair:5)
  A worker ant (D:7)
  An orc (D:7)
  6 bushes
  5 fungi
  4 plants
18 creatures vanquished.

Grand Total: 504 creatures vanquished

Notes
Turn   | Place    | Note
-------+----------+-------------------------------------------
     0 | D:1      | solxrula the Troll Berserker began the quest for the Orb.
     0 | D:1      | Reached XP level 1. HP: 22/22 MP: 0/0
   136 | D:1      | Reached skill level 3 in Maces & Flails
   144 | D:1      | Reached XP level 2. HP: 29/29 MP: 1/1
   565 | D:1      | Reached XP level 3. HP: 36/36 MP: 2/2
   673 | D:1      | Reached ** piety under Trog
  1419 | D:2      | Reached XP level 4. HP: 41/44 MP: 3/3
  1712 | D:2      | Found an ancient bone altar of Kikubaaqudgha.
  1778 | D:2      | Reached skill level 4 in Maces & Flails
  2516 | D:3      | Reached XP level 5. HP: 43/52 MP: 4/4
  2805 | D:4      | Noticed an ogre
  2805 | D:4      | Noticed Skryme's ghost (amateur OpAs)
  2829 | D:4      | Killed an ogre
  2829 | D:4      | Reached *** piety under Trog
  2829 | D:4      | Reached skill level 5 in Maces & Flails
  2844 | D:4      | Killed Skryme's ghost
  2844 | D:4      | Reached skill level 1 in Throwing
  2844 | D:4      | Reached XP level 6. HP: 17/61 MP: 5/5
  3042 | D:4      | Reached skill level 6 in Maces & Flails
  3042 | D:4      | Reached XP level 7. HP: 32/67 MP: 6/6
  3063 | D:4      | Got a shimmering golden ring
  3092 | D:4      | Identified the ring of Kuodun {Fire +Blink rPois Str+4 Slay+4} (You found it on level 4 of the Dungeon)
  3235 | D:4      | Reached skill level 7 in Maces & Flails
  3331 | D:4      | Received a gift from Trog
  3804 | D:5      | Entered Level 5 of the Dungeon
  3809 | D:5      | Found a sand-covered staircase.
  3840 | D:5      | Found Baroohai's Food Boutique.
  3900 | D:5      | Found a staircase to the Ecumenical Temple.
  3921 | D:5      | Reached XP level 8. HP: 77/78 MP: 7/7
  4077 | D:5      | Found Hyihusigh's Distillery.
  4212 | D:5      | Found Fiwatesoex's Magic Scroll Emporium.
  4506 | D:5      | Reached skill level 8 in Maces & Flails
  4740 | D:6      | Found a deep blue altar of Sif Muna.
  4774 | D:6      | Reached **** piety under Trog
  4886 | D:6      | Reached skill level 9 in Maces & Flails
  5090 | D:6      | Reached skill level 1 in Stealth
  5144 | D:6      | Reached XP level 9. HP: 79/85 MP: 8/8
  5486 | D:7      | Noticed Pikel
  5501 | D:7      | Killed Pikel
  5767 | D:7      | Reached skill level 10 in Maces & Flails
  5826 | D:7      | Reached skill level 5 in Fighting
  5858 | D:7      | Noticed Duvessa
  5869 | D:7      | Killed Duvessa
  5922 | D:7      | Found a shattered altar of Ashenzari.
  5927 | D:7      | Reached ***** piety under Trog
  5927 | D:7      | Received a gift from Trog
  5993 | D:7      | Noticed Dowan
  6011 | D:7      | Killed Dowan
  6067 | D:7      | Found a runed door.
  6367 | D:8      | Noticed Gastronok
  6399 | D:8      | HP: 4/88 [Gastronok (24)]
  6419 | D:8      | Killed Gastronok
  6419 | D:8      | Reached skill level 11 in Maces & Flails
  6419 | D:8      | Reached XP level 10. HP: 21/96 MP: 3/9
  6594 | D:8      | Reached skill level 5 in Throwing
  6848 | D:8      | Noticed kermit's ghost (novice BaMo)
  7000 | D:8      | Noticed a two-headed ogre
  7007 | D:8      | Killed a two-headed ogre
  7117 | D:8      | Killed kermit's ghost
  7117 | D:8      | Reached skill level 12 in Maces & Flails
  7423 | D:9      | Reached XP level 11. HP: 100/105 MP: 10/10
  7470 | D:9      | Found a staircase to the Lair.
  7558 | D:9      | Received a gift from Trog
  7566 | D:9      | Reached skill level 5 in Dodging
  7830 | D:9      | Received a gift from Trog
  7831 | D:9      | Noticed Grum
  7836 | D:9      | Killed Grum
  8234 | D:9      | Found a shadowy altar of Dithmenos.
  8240 | D:9      | Found a deep blue altar of Sif Muna.
  8241 | D:9      | Found a glowing golden altar of the Shining One.
  8243 | D:9      | Found a radiant altar of Vehumet.
  8244 | D:9      | Found a bloodstained altar of Trog.
  8337 | D:10     | Entered Level 10 of the Dungeon
  9225 | D:10     | Killed an unseen horror
  9612 | D:11     | Reached skill level 13 in Maces & Flails
  9887 | D:11     | Found Xorasass's Distillery.
 10495 | D:11     | Gained mutation: You tend to lose your temper in combat. [potion of mutation]
 10495 | D:11     | Gained mutation: You are surrounded by a mild repulsion field. (EV +2) [potion of mutation]
 10495 | D:11     | Gained mutation: You are partially covered in molten scales. (AC +2) [potion of mutation]
 10664 | D:12     | Noticed a centaur warrior
 10679 | D:12     | Killed a centaur warrior
 10684 | D:12     | Noticed a two-headed ogre
 10688 | D:12     | Killed a two-headed ogre
 10705 | D:12     | Noticed a two-headed ogre
 10717 | D:12     | Killed a two-headed ogre
 10793 | D:12     | Reached XP level 12. HP: 102/118 MP: 11/11
 10853 | D:12     | Noticed a two-headed ogre
 10869 | D:12     | Killed a two-headed ogre
 10946 | D:12     | Found a staircase to the Orcish Mines.
 11028 | D:12     | Noticed a two-headed ogre
 11045 | D:12     | Killed a two-headed ogre
 11045 | D:12     | Reached skill level 14 in Maces & Flails
 11083 | D:12     | Noticed a two-headed ogre
 11091 | D:12     | Killed a two-headed ogre
 11731 | Lair:1   | Entered Level 1 of the Lair of Beasts
 11864 | Lair:1   | Received a gift from Trog
 11893 | Lair:1   | Got a coiled silver ring
 12452 | Lair:1   | Identified the ring of Fonwiah {Ice Str+5} (You found it on level 1 of the Lair of Beasts)
 12582 | Lair:2   | Noticed Thndr's ghost (novice TrMo)
 12605 | Lair:2   | Killed Thndr's ghost
 12787 | Lair:2   | Found a hole to the Spider Nest.
 13026 | Lair:2   | Reached skill level 1 in Slings
 13129 | Lair:2   | Found a staircase to the Swamp.
 13431 | Lair:3   | Reached skill level 1 in Evocations
 13472 | Lair:3   | Noticed Harold
 13500 | Lair:3   | Killed Harold
 13674 | Lair:3   | Found a labyrinth entrance.
 13683 | Lab      | Entered a labyrinth
 14556 | Lab      | Noticed a minotaur
 14564 | Lab      | Killed a minotaur
 14897 | Lair:3   | Reached XP level 13. HP: 124/127 MP: 12/12
 14901 | Lair:3   | Reached skill level 15 in Maces & Flails
 16364 | Lair:5   | Got a shimmering war axe
 16370 | Lair:4   | Identified the cursed +0 war axe "Q" {chop, rF+ rN++ MR-} (You found it on level 5 of the Lair of Beasts)
 16393 | Lair:5   | Noticed Kirke
 16589 | Lair:5   | Killed Kirke
 16724 | Lair:5   | Received a gift from Trog
 17141 | Lair:6   | Entered Level 6 of the Lair of Beasts
 17211 | Lair:6   | Received a gift from Trog
 17420 | Lair:6   | Found a staircase to the Slime Pits.
 17515 | Lair:6   | Found the +3 sling "Punk" {acid, rCorr}
 18239 | Lair:6   | Noticed a dire elephant
 18239 | Lair:6   | Noticed a dire elephant
 18285 | Lair:6   | Noticed a dire elephant
 18294 | Lair:6   | Killed a dire elephant
 18354 | Lair:6   | Noticed a dire elephant
 18359 | Lair:6   | Killed a dire elephant
 18359 | Lair:6   | Reached skill level 16 in Maces & Flails
 18385 | Lair:6   | Noticed a dire elephant
 18429 | Lair:6   | Noticed a dire elephant
 18707 | D:13     | Found a gate to the Vaults.
 18760 | D:13     | Received a gift from Trog
 19118 | D:13     | Reached XP level 14. HP: 109/140 MP: 7/15
 19143 | D:12     | Mangled by a two-headed ogre

Vault maps used:
D:1:      roderic_chinese_lattice_arrival, minmay_misc_feat_pillars
D:2:      lemuel_coloured_pillars_altar
D:4:      first_ration
D:5:      minmay_temple_entry_butterflies, serial_shops, shop, shop, shop,
          nicolae_ossuary_entry_ruins
D:6:      basic_altar
D:7:      nicolae_overflow_hidden_temple, lemuel_old_faithful,
          uniq_crazy_yiuf_cottage, uniq_duvessa, uniq_pikel
D:8:      uniq_gastronok
D:9:      minitemple, lair_entry_dummy, uniq_grum
D:11:     serial_shops, shop, hangedman_little_slice_of_home
D:12:     erik_orc_3
D:13:     david_vaults_5, enter_trove_2, trog_ov_bears_minmay
Lair:2:   nicolae_swamp_entry_splash_gauntlet, spider_nest_entry_web_field
Lair:3:   lab_entry_generic, minmay_holes, columned_hall_lemuel, uniq_harold
Lair:4:   kennysheep_catoblepas_arena, grunt_megastairs_5,
          infiniplex_staircase_pool_2
Lair:5:   uniq_kirke
Lair:6:   due_jungle_book, minmay_slime_entry_pillars
Lab:      nicolae_lab_statue

Skill      XL: |  1  2  3  4  5  6  7  8  9 10 11 12 13 |
---------------+----------------------------------------+-----
Maces & Flails | 3 4 5 6 7 9 11 12 13 14 16 | 16.0
Dodging        | 3 4 5 |  5.6
Fighting       | 3 4 5 7 8 9 |  9.7
Throwing       | 1 2 4 5 6 |  6.8
Stealth        | 1 |  1.5
Slings         | 2 4 |  4.1
Evocations     | 1 3 |  3.6

Action                   |  1- 3 |  4- 6 |  7- 9 | 10-12 | 13-15 || total
-------------------------+-------+-------+-------+-------+-------++-------
Melee: Mace              |   129 |   172 |   233 |   541 |    88 ||  1163
       Morningstar       |       |       |       |    34 |   182 ||   216
       Unarmed           |       |       |       |       |     9 ||     9
 Fire: Hunting sling     |       |       |       |    42 |    26 ||    68
       Fustibalus        |       |       |       |       |     9 ||     9
Throw: Stone             |    30 |    13 |    57 |    66 |       ||   166
       Javelin           |       |       |    40 |    58 |     1 ||    99
       Large rock        |       |       |       |       |    21 ||    21
Invok: Berserk           |       |     1 |     4 |    13 |    11 ||    29
       Brothers in Arms  |       |       |       |     1 |       ||     1
       Trog's Hand       |       |       |       |       |     1 ||     1
 Abil: Evoke Blink       |       |       |       |     3 |       ||     3
Evoke: Wand              |       |       |     3 |    38 |    28 ||    69
  Use: Scroll            |     5 |     4 |    12 |    18 |    11 ||    50
       Potion            |     5 |     2 |     5 |     5 |     1 ||    18
 Stab: Sleeping          |       |       |     2 |     3 |       ||     5
       Distracted        |       |       |     1 |     1 |       ||     2
  Eat: Chunk             |    16 |    19 |    34 |    70 |    33 ||   172
       Ration            |       |       |       |     7 |     4 ||    11
Armor: Animal skin       |    56 |    53 |    47 |    17 |       ||   173
       Robe              |       |       |       |   121 |    61 ||   182
       Skin              |       |       |       |       |     7 ||     7
Dodge: Dodged            |    71 |    83 |    82 |   205 |   187 ||   628

Table legend:
 A = Spawn XP
 B = Non-spawn XP
 C = Spawn XP percentage of total XP
 D = Spawn monster count
 E = Non-spawn monster count
 F = Spawn count percentage of total count
 G = Total turns spent on level
                    A         B        C        D         E        F      G
               +---------+---------+-------+---------+---------+-------+---------
         Total |       0 |   65860 |   0.0 |       0 |     484 |   0.0 | 19143
               +---------+---------+-------+---------+---------+-------+---------
           D:1 |       0 |      55 |   0.0 |       0 |      28 |   0.0 |  1051
           D:2 |       0 |      83 |   0.0 |       0 |      20 |   0.0 |  1014
           D:3 |       0 |      80 |   0.0 |       0 |      24 |   0.0 |   680
           D:4 |       0 |    1147 |   0.0 |       0 |      28 |   0.0 |  1059
           D:5 |       0 |     618 |   0.0 |       0 |      21 |   0.0 |   846
           D:6 |       0 |     877 |   0.0 |       0 |      19 |   0.0 |   706
           D:7 |       0 |    2097 |   0.0 |       0 |      39 |   0.0 |  1020
           D:8 |       0 |    5512 |   0.0 |       0 |      38 |   0.0 |   893
           D:9 |       0 |    3236 |   0.0 |       0 |      43 |   0.0 |  1100
          D:10 |       0 |    2701 |   0.0 |       0 |      26 |   0.0 |  1200
          D:11 |       0 |    2068 |   0.0 |       0 |      29 |   0.0 |  1058
          D:12 |       0 |   10169 |   0.0 |       0 |      47 |   0.0 |  1443
          D:13 |       0 |    4126 |   0.0 |       0 |      12 |   0.0 |   199
        Lair:1 |       0 |    2417 |   0.0 |       0 |      12 |   0.0 |   799
        Lair:2 |       0 |    2982 |   0.0 |       0 |      11 |   0.0 |   888
        Lair:3 |       0 |    4953 |   0.0 |       0 |      18 |   0.0 |   983
        Lair:4 |       0 |    4670 |   0.0 |       0 |      21 |   0.0 |  1234
        Lair:5 |       0 |    5584 |   0.0 |       0 |      17 |   0.0 |   687
        Lair:6 |       0 |   11400 |   0.0 |       0 |      30 |   0.0 |  1361
           Lab |       0 |    1085 |   0.0 |       0 |       1 |   0.0 |   922
               +---------+---------+-------+---------+---------+-------+---------
